 Dungeon Crawl Stone Soup version 0.30-a0-949-g53dc5368d7 (webtiles) character file.

Game seed: 14783663135224803962

134605 voltaire321 the Spry (level 16, -6/100 HPs)
             Began as a Deep Elf Earth Elementalist on Mar 27, 2023.
             Was the Champion of Vehumet.
             Mangled by a spark wasp (13 damage)
             ... on level 4 of the Spider Nest.
             The game lasted 02:05:00 (27001 turns).

voltaire321 the Spry (Deep Elf Earth Elementalist) Turns: 27001, Time: 02:05:01

Health: -6/100     AC: 15    Str:  5 (7)  XL:     16   Next: 62%
Magic:  1/43       EV: 20    Int: 26 (27) God:    Vehumet [******]
Gold:   2329       SH:  5    Dex: 18      Spells: 4/40 levels left

rFire   . . .      SeeInvis +    G - +9 quarterstaff (spect)
rCold   . . .      Faith    .    (shield currently unavailable)
rNeg    . . .      Spirit   .    w - +3 troll leather armour {Pargi}
rPois   +          Reflect  +    (no helmet)
rElec   .          Rampage  .    O - +2 cloak {rPois}
rCorr   +                        k - +2 pair of gloves {Dex+3}
Will    +....                    f - +0 pair of boots
Stlth   ++                       W - amulet of reflection
HPRegen 1.16/turn                j - ring of magical power
MPRegen 0.28/turn                P - ring of Beroas {rPois rCorr SInv}

@: about to teleport
A: deterioration 1, evolution 1
a: Renounce Religion


You were on level 4 of the Spider Nest.
You worshipped Vehumet.
Vehumet was exalted by your worship.
You visited 5 branches of the dungeon, and saw 27 of its levels.
You also visited: Sewer and Bailey.

You collected 2586 gold pieces.
You spent 257 gold pieces at shops.

Inventory:

Hand Weapons
 G - a +9 spectral quarterstaff (weapon)
 U - the +9 flail of Ru, Healing {freeze, rF+ rC- Str+6 Int+8}
   (You found it on level 4 of the Lair of Beasts)

   Str:       It affects your strength (+6).
   Int:       It affects your intelligence (+8).
   rF:        It protects you from fire.
   rC:        It makes you vulnerable to cold.
Missiles
 y - 5 throwing nets
Armour
 f - a +0 pair of boots (worn)
 k - a +2 pair of gloves of dexterity (worn)
 w - a +3 troll leather armour (worn) {Pargi}
 O - a +2 cloak of poison resistance (worn)
Magical Staves
 A - a staff of conjuration
Jewellery
 i - a ring of willpower
 j - a ring of magical power (left hand)
 l - a ring of protection from cold
 o - an amulet of magic regeneration
 u - a +5 ring of evasion
 B - a ring of protection from cold
 C - a ring of protection from fire
 F - the ring "Mesofyag" {Ice rPois Str+2 Dex+2}
   (You found it on level 13 of the Dungeon)

   [ring of ice]

   It enhances your ice magic.
   Str:       It affects your strength (+2).
   Dex:       It affects your dexterity (+2).
   rF:        It makes you vulnerable to fire.
   rC:        It protects you from cold.
   rPois:     It protects you from poison.
 K - a ring of flight
 P - the ring of Beroas (right hand) {rPois rCorr SInv}
   (You found it on level 2 of the Lair of Beasts)

   [ring of resist corrosion]

   rPois:     It protects you from poison.
   SInv:      It lets you see invisible.
   rCorr:     It protects you from acid and corrosion.
 T - a ring of protection from fire
 W - an amulet of reflection (around neck)
Wands
 E - a wand of light (9)
 H - a wand of paralysis (16)
 I - a wand of mindburst (7)
 M - a wand of flame (45)
 V - a wand of roots (14)
Scrolls
 a - 10 scrolls of identify
 d - 5 scrolls of fog
 e - 4 scrolls of magic mapping
 h - 2 scrolls of amnesia
 p - 15 scrolls of teleportation
 r - 2 scrolls of enchant weapon
 x - a scroll of poison
 J - a scroll of brand weapon
 N - 3 scrolls of silence
 R - 4 scrolls of fear
 Z - a scroll of enchant armour
Potions
 b - 4 potions of magic
 g - 4 potions of haste
 m - 11 potions of curing
 n - a potion of heal wounds
 q - 4 potions of lignification
 s - 8 potions of mutation
 t - 4 potions of cancellation
 z - 7 potions of brilliance
 D - 5 potions of ambrosia
 L - 7 potions of flight
 S - 3 potions of might
 Y - a potion of berserk rage


   Skills:
 + Level 11.4 Fighting
 - Level 5.0 Armour
 + Level 15.9 Dodging
 - Level 2.4 Stealth
 + Level 12.6 Spellcasting
 + Level 14.4 Conjurations
 - Level 8.0 Translocations
 - Level 4.0 Transmutations
 - Level 6.0 Ice Magic
 + Level 14.9 Earth Magic
 - Level 6.0 Poison Magic


You had 4 spell levels left.
You knew the following spells:

 Your Spells              Type           Power      Damage    Failure   Level
a - Stone Arrow           Conj/Erth      100%       3d13      1%          3
b - Passwall              Tmut/Erth      50%        N/A       1%          2
c - Olgreb's Toxic Radia  Pois           47%        N/A       1%          4
d - Iron Shot             Conj/Erth      37%        9d7       1%          6
e - Irradiate             Conj/Tmut      29%        3d21      1%          5
f - Passage of Golubria   Tloc           55%        N/A       1%          4
g - Freezing Cloud        Conj/Ice/Air   25%        6-21      2%          5
i - Iskenderun's Battles  Conj           75%        2d12      1%          5
j - Blink                 Tloc           100%       N/A       1%          2

Your spell library contained the following spells:

 Spells                   Type           Power      Damage    Failure   Level
 Ozocubu's Refrigeration  Ice            23%        4d12      67%         7
 Sandblast                Erth           100%       2d20      0%          1
 Beastly Appendage        Tmut           74%        N/A       1%          1
 Shock                    Conj/Air       100%       1d9       1%          1
 Lesser Beckoning         Tloc           100%       N/A       1%          2
 Momentum Strike          Conj/Tloc      100%       3d10      1%          2
 Wereblood                Tmut           37%        N/A       1%          2
 Frozen Ramparts          Ice            94%        1d15      1%          3
 Hailstorm                Conj/Ice       62%        3d13      1%          3
 Ignite Poison            Fire/Tmut/Pois 33%        N/A       1%          3
 Kindle Blastsparks       Fire/Tloc/Air  60%        2d15      1%          3
 Manifold Assault         Tloc           55%        N/A       1%          4
 Petrify                  Tmut/Erth      60%        N/A       1%          4
 Sticky Flame             Conj/Fire      52%        2d7       1%          4
 Spider Form              Tmut/Pois      42%        N/A       2%          3
 Leda's Liquefaction      Hex/Erth       26%        N/A       2%          4
 Portal Projectile        Hex/Tloc       74%        N/A       3%          3
 Slow                     Hex            64%        N/A       5%          1
 Ice Form                 Ice/Tmut       42%        N/A       7%          4
 Airstrike                Air            8%         2d(2-18)  16%         4
 Summon Ice Beast         Ice/Summ       31%        N/A       16%         4
 Call Canine Familiar     Summ           16%        N/A       17%         3
 Confusing Touch          Hex            16%        N/A       17%         3
 Swiftness                Air            16%        N/A       17%         3
 Vampiric Draining        Necr           16%        2d7       17%         3
 Cause Fear               Hex            8%         N/A       50%         4
 Summon Lightning Spire   Summ/Air       16%        N/A       50%         4
 Lee's Rapid Deconstruct  Erth           38%        3d19*     1%          5
 Fireball                 Conj/Fire      26%        3d12      2%          5
 Orb of Destruction       Conj           37%        9d11      3%          7
 Borgnjor's Vile Clutch   Necr/Erth      26%        N/A       7%          5
 Conjure Ball Lightning   Conj/Air       26%        3x3d7     12%         6
 Statue Form              Tmut/Erth      40%        N/A       17%         6
 Alistair's Intoxication  Tmut/Pois      28%        N/A       21%         5
 Lehudib's Crystal Spear  Conj/Erth      37%        10d9      22%         8
 Eringya's Noxious Bog    Tmut/Pois      21%        N/A       28%         6
 Dispersal                Tloc           27%        N/A       32%         6
 Silence                  Hex/Air        8%         N/A       83%         5
 Summon Mana Viper        Hex/Summ       16%        N/A       83%         5
 Dragon Form              Tmut           18%        N/A       100%        7
 Monstrous Menagerie      Summ           8%         N/A       100%        7
 Storm Form               Tmut/Air       13%        N/A       100%        7
 Disjunction              Tloc           27%        N/A       100%        8
 Ignition                 Fire           8%         3d5       100%        8
 Maxwell's Capacitive Co  Air            8%         ∞         100%        8
 Dragon's Call            Summ           8%         N/A       100%        9


Dungeon Overview and Level Annotations

Branches:
Dungeon (15/15)            Temple (1/1) D:4            Lair (5/5) D:9
  Swamp (0/4) Lair:2       Spider (4/4) Lair:3        Slime (0/5) Lair:4
    Orc (2/2) D:12            Elf (0/3) Orc:2        Vaults (0/5) D:13
 Depths (0/4) D:15          Sewer (visited)          Bailey (visited)

Altars:
Ashenzari
Cheibriados
Dithmenos
Elyvilon
Fedhas
Gozag
Hepliaklqana
Kikubaaqudgha
Makhleb
Nemelex Xobeh
Okawaru
Qazlal
Ru
Sif Muna
Trog
Uskayaw
Vehumet
Wu Jian
Xom
Yredelemnul
Zin
The Shining One
Jiyva

Shops:
D:11 [   D:12 :   D:15 =   Orc:2 !!(?

Portals:
Trove: D:13 (give 6 scrolls of fog)

Annotations:
D:3 3 runed translucent doors, Akorn's ghost, amateur DjCj; Grinder
D:4 3 runed translucent doors, FexLirch's ghost, weakling MeEE
D:12 3 runed translucent doors
Lair:4 1 runed translucent door
Spider:4 Arachne


Innate Abilities, Weirdness & Mutations

Your body sometimes deteriorates upon taking damage.
You have hidden genetic potential.


Message History

The redback bites you but does no damage.
Arachne points her staff at you, shooting a stream of webbing.
The stream of webbing hits you but does no damage.
You are even more entangled.
The jumping spider pounces on you but does no damage.
The jumping spider misses you.
The redback bites you but does no damage.
A spark wasp comes into view.
The culicivora bites you.
* * * LOW HITPOINT WARNING * * *
The culicivora draws strength from your injuries!
Casting: Blink (safe; 1% risk of failure)
Confirm with . or Enter, or press ? or * to list all spells.
You blink.
A ghost moth and a jorogumo come into view.
Found a potion of ambrosia.
You feel yourself speed up.
The jorogumo shouts!
Vehumet accepts your kill.
You feel your power returning.
You feel a bit more experienced.
You hear a skittering sound.
The ghost moth stares at you.
You feel your power leaking away. The ghost moth hits you.
* * * LOW HITPOINT WARNING * * *
The ghost moth completely misses you. You block the ghost moth's attack.
The jorogumo completely misses you.
You feel your dexterity returning.
You feel much better.
The spark wasp bursts into living lightning!
The living lightning hits you!
* * * LOW HITPOINT WARNING * * *
The living lightning hits the ghost moth!
The spark wasp blinks! x3; The ghost moth closely misses you.
The ghost moth misses you. x2; The jorogumo completely misses you.
As you read the scroll of teleportation, it crumbles to dust.
You feel strangely unstable. The spark wasp stings you!
* * * LOW HITPOINT WARNING * * *
The spark wasp shocks you!
You die...

.....#^...y#...........#..
......^....ss#^...#...##.^
#......ssB..#...#....#
.?.....ys^###§...........#
.....#^#...^.^.^..........
....^.....######^....#####
.........##.!####+++####
.^ .....##y..#.^^......# #
.....##@H.##.........#
.....##.y^##s....^.....
#..##^H.#.^^..#...
#.s#^^w###^..###s^.
#...s...#..^..# ...
##§ss.............^.
#..^..^^..^..?......
#.^#....#... #. #...##


You could see a jorogumo, a ghost moth (invisible), a spark wasp, a wolf spider,
a culicivora and a redback.

Vanquished Creatures
  Nikola (Spider:3)
  Rupert (D:13)
  Kirke (Lair:5)
  A ghost moth (Spider:3)
  A broodmother (Spider:3)
  A stone giant (D:15)
  A spark wasp (Spider:4)
  9 hydras
  6 vault guards
  2 jorogumos
  8 centaur warriors
  4 boulder beetles
  4 catoblepae
  4 ogre magi (Orc:2)
  A radroach (Spider:2)
  Erica (D:8)
  14 two-headed ogres
  2 tengu warriors
  7 death yaks (Lair:5)
  The ghost of TheSexyCheese the Scorcher, a journeyman DEFE of Cheibriados (Lair:2)
  A deep elf knight (D:12)
  A soul eater (D:10)
  A sun demon (D:10)
  4 sun moths
  7 pharaoh ants
  11 orb spiders
  2 deep trolls (D:15)
  A wizard (D:15)
  A necromancer (D:15)
  5 steelbarb worms
  3 deep elf pyromancers
  12 wolf spiders
  4 orc sorcerers
  5 ugly things
  2 deep elf zephyrmancers
  5 manticores
  8 cyclopes
  Maurice (D:9)
  A rust devil (D:10)
  3 elephants (Lair:3)
  A moth of wrath (Spider:2)
  Joseph (D:7)
  9 demonic crawlers
  2 black mambas (Lair:2)
  3 torpor snails
  An unseen horror (D:12)
  An orange demon (D:10)
  12 cane toads
  Maggie (D:8)
  Psyche (D:8)
  2 gargoyles (D:13)
  4 komodo dragons
  A kobold demonologist (D:10)
  A red devil (D:10)
  An efreet (D:12)
  6 yaktaurs
  An ice devil (D:10)
  5 trolls
  Prince Ribbit (Bailey)
  2 hellwings (D:10)
  3 meliai (Spider:3)
  15 tarantellas
  A polar bear (Lair:5)
  A hornet (D:9)
  3 tyrant leeches (Lair:2)
  A blink frog (shapeshifter) (D:13)
  6 dream sheep (Lair:3)
  20 jumping spiders
  7 slime creatures (D:14)
  6 water elementals (D:14)
  A ynoxinul (D:10)
  16 culicivoras
  56 yaks
  A culicivora (shapeshifter) (D:14)
  A shadow (D:13)
  2 wraiths
  5 humans (Bailey)
  8 wyverns
  2 steam dragons
  A chaos spawn (D:10)
  3 hogs (Lair:5)
  A human (shapeshifter) (D:15)
  26 redbacks
  7 vampire mosquitoes
  A basilisk (shapeshifter) (D:12)
  Grum (D:9)
  3 basilisks
  Edmund (D:5)
  2 wargs
  3 acid dragons
  9 water moccasins
  12 orc warriors
  3 black bears
  2 sky beasts (D:7)
  Pargi (Sewer)
  An ice beast (D:6)
  29 ogres
  11 wolves
  4 boggarts (Lair:5)
  5 centaurs
  A phantom (D:6)
  4 kobold brigands
  16 bullfrogs
  5 scorpions
  A gnoll sergeant (D:12)
  13 wights
  10 killer bees
  2 electric eels
  A howler monkey (D:10)
  A jelly (D:8)
  3 quasits (D:10)
  8 orc priests
  4 gnoll boudas
  2 hounds
  5 iguanas
  A sleepcap (D:7)
  13 orc wizards
  39 gnolls
  9 adders
  A river rat (D:4)
  5 dart slugs
  35 orcs
  7 ball pythons
  9 endoplasms
  3 giant cockroaches (D:4)
  15 hobgoblins
  3 quokkas
  5 bats
  8 frilled lizards
  12 goblins
  20 kobolds
  4 rats
750 creatures vanquished.

Vanquished Creatures (collateral kills)
  An ogre (D:6)
  An adder (D:6)
  An ufetubus (D:6)
3 creatures vanquished.

Vanquished Creatures (others)
  A pharaoh ant (Spider:3)
  A tarantella (Spider:3)
  A kobold (D:8)
  A frilled lizard (D:8)
  4 demonic plants (D:10)
  23 fungi
  26 plants
57 creatures vanquished.

Grand Total: 810 creatures vanquished

Notes
Turn   | Place    | Note
-------+----------+-------------------------------------------
     0 | D:1      | voltaire321 the Deep Elf Earth Elementalist began the quest
                  | for the Orb.
     0 | D:1      | Reached XP level 1. HP: 10/10 MP: 6/6
   134 | D:1      | Reached XP level 2. HP: 16/16 MP: 6/8
   355 | D:1      | Learned a level 2 spell: Passwall
   942 | D:2      | Reached XP level 3. HP: 20/20 MP: 9/9
  1484 | D:2      | Reached skill level 1 in Fighting
  1484 | D:2      | Reached skill level 3 in Dodging
  1927 | D:2      | Reached XP level 4. HP: 25/25 MP: 11/11
  1931 | D:2      | Learned a level 3 spell: Stone Arrow
  2354 | D:3      | Noticed Grinder
  2590 | D:3      | Found a runed translucent gate.
  2592 | D:3      | Found a runed translucent gate.
  2596 | D:3      | Found a runed translucent gate.
  2597 | D:3      | Noticed Akorn's ghost (amateur DjCj)
  2801 | D:3      | Identified the +1 robe of Wicked Joy {Will+}
  3068 | D:4      | Found a staircase to the Ecumenical Temple.
  3078 | Temple   | Entered the Ecumenical Temple
  3147 | Temple   | Became a worshipper of Vehumet
  3225 | D:4      | Found a glowing drain.
  3229 | Sewer    | Entered a sewer
  3232 | Sewer    | Reached XP level 5. HP: 29/29 MP: 13/13
  3298 | Sewer    | Reached skill level 1 in Conjurations
  3301 | Sewer    | Noticed Pargi
  3308 | Sewer    | Killed Pargi
  3309 | Sewer    | Reached skill level 1 in Armour
  3493 | D:4      | Found a white marble altar of Elyvilon.
  3494 | D:4      | Found an ornate altar of the Wu Jian Council.
  3512 | D:4      | Reached XP level 6. HP: 35/35 MP: 14/14
  3594 | D:4      | Reached skill level 4 in Dodging
  3672 | D:4      | Found a runed translucent gate.
  3672 | D:4      | Found a runed translucent gate.
  3673 | D:4      | Found a runed translucent gate.
  3673 | D:4      | Noticed FexLirch's ghost (weakling MeEE)
  4126 | D:5      | Entered Level 5 of the Dungeon
  4252 | D:5      | Reached skill level 5 in Spellcasting
  4252 | D:5      | Reached XP level 7. HP: 40/40 MP: 16/16
  4496 | D:5      | Reached skill level 5 in Earth Magic
  4648 | D:5      | Noticed Edmund
  4667 | D:5      | Killed Edmund
  4671 | D:5      | Reached * piety under Vehumet
  4671 | D:5      | Offered knowledge of Magic Dart by Vehumet.
  4737 | D:5      | Reached skill level 5 in Dodging
  5176 | D:6      | Reached XP level 8. HP: 46/46 MP: 17/17
  5403 | D:6      | Found a basalt altar of Yredelemnul.
  5992 | D:7      | Reached skill level 6 in Dodging
  6000 | D:7      | Noticed a cyclops
  6015 | D:7      | Killed a cyclops
  6016 | D:7      | Reached skill level 5 in Conjurations
  6028 | D:7      | Reached XP level 9. HP: 31/52 MP: 5/18
  6307 | D:7      | Found a sacrificial altar of Ru.
  6314 | D:7      | Reached skill level 7 in Dodging
  6399 | D:7      | Reached ** piety under Vehumet
  6400 | D:7      | Offered knowledge of Momentum Strike by Vehumet.
  6472 | D:8      | Noticed Psyche
  6571 | D:8      | Noticed Maggie
  6576 | D:8      | Killed Maggie
  6577 | D:8      | Reached skill level 5 in Fighting
  6585 | D:8      | Noticed Joseph
  6599 | D:7      | Killed Joseph
  6619 | D:8      | Killed Psyche
  6620 | D:8      | Reached skill level 5 in Armour
  6620 | D:8      | Reached skill level 8 in Dodging
  6620 | D:8      | Reached XP level 10. HP: 59/59 MP: 19/19
  6805 | D:8      | Found a flagged portal.
  6814 | Bailey   | Entered a bailey
  6834 | Bailey   | Offered knowledge of Dazzling Flash by Vehumet.
  6955 | Bailey   | Noticed Prince Ribbit
  6962 | Bailey   | Killed Prince Ribbit
  6966 | Bailey   | Noticed a vault guard
  6998 | Bailey   | Reached *** piety under Vehumet
  7084 | Bailey   | Killed a vault guard
  7085 | Bailey   | Reached skill level 9 in Dodging
  7163 | Bailey   | Noticed a vault guard
  7170 | Bailey   | Killed a vault guard
  7295 | D:8      | Offered knowledge of Hailstorm by Vehumet.
  7305 | D:8      | Learned a level 3 spell: Hailstorm
  7467 | D:8      | Noticed Erica
  7479 | D:8      | Killed Erica
  7602 | D:8      | Reached XP level 11. HP: 61/66 MP: 16/20
  7869 | D:9      | Reached skill level 1 in Ice Magic
  8043 | D:9      | Reached **** piety under Vehumet
  8060 | D:9      | Noticed Grum
  8068 | D:9      | Offered knowledge of Irradiate by Vehumet.
  8072 | D:9      | Killed Grum
  8077 | D:9      | Reached skill level 10 in Dodging
  8191 | D:9      | Noticed Maurice
  8197 | D:9      | Killed Maurice
  8233 | D:9      | Learned a level 5 spell: Irradiate
  8238 | D:9      | Learned a level 4 spell: Passage of Golubria
  8289 | D:9      | Found a staircase to the Lair.
  8343 | D:10     | Entered Level 10 of the Dungeon
  8435 | D:10     | Reached skill level 1 in Translocations
  8600 | D:10     | Reached skill level 10 in Earth Magic
  8783 | D:10     | Noticed a soul eater
  8792 | D:10     | Killed a soul eater
  8819 | D:10     | Noticed a sun demon
  8824 | D:10     | Killed a sun demon
  8825 | D:10     | Reached XP level 12. HP: 72/72 MP: 24/24
  9076 | D:10     | Found a sparkling altar of Nemelex Xobeh.
  9076 | D:10     | Found a shimmering altar of Xom.
  9579 | Lair:1   | Entered Level 1 of the Lair of Beasts
  9770 | Lair:1   | Noticed a catoblepas
  9778 | Lair:1   | Killed a catoblepas
 10304 | Lair:2   | Reached skill level 11 in Dodging
 10519 | Lair:2   | Noticed a seven-headed hydra
 10522 | Lair:2   | Noticed a six-headed hydra
 10522 | Lair:2   | Noticed TheSexyCheese's ghost (journeyman DEFE)
 10525 | Lair:2   | Found a transporter.
 10530 | Lair:2   | Found a transporter.
 10559 | Lair:2   | Reached ***** piety under Vehumet
 10559 | Lair:2   | Offered knowledge of Lee's Rapid Deconstruction by Vehumet.
 10571 | Lair:2   | Reached skill level 10 in Conjurations
 10642 | Lair:2   | Found a broken altar of Ashenzari.
 10699 | Lair:2   | Found a staircase to the Swamp.
 10758 | Lair:2   | Learned a level 5 spell: Freezing Cloud
 11195 | Lair:2   | Killed a seven-headed hydra
 11195 | Lair:2   | Killed a six-headed hydra
 11196 | Lair:2   | Killed TheSexyCheese's ghost
 11197 | Lair:2   | Reached skill level 5 in Translocations
 11207 | Lair:2   | Identified the ring of Beroas {rPois rCorr SInv}
 11243 | Lair:3   | Found a hole to the Spider Nest.
 11520 | Lair:3   | Noticed a seven-headed hydra
 11525 | Lair:3   | Killed a seven-headed hydra
 11526 | Lair:3   | Reached XP level 13. HP: 78/78 MP: 28/28
 12506 | Lair:4   | Identified the +9 flail of Ru, Healing {freeze, rF+ rC-
                  | Str+6 Int+8}
 12701 | Lair:4   | Reached skill level 12 in Dodging
 12966 | Lair:4   | Found a viscous altar of Jiyva.
 12966 | Lair:4   | Found a staircase to the Slime Pits.
 12967 | Lair:4   | Found a runed translucent door.
 13319 | Lair:5   | Entered Level 5 of the Lair of Beasts
 13710 | Lair:5   | Reached skill level 10 in Spellcasting
 13903 | Lair:5   | Found a stormy altar of Qazlal.
 14002 | Lair:5   | Noticed Kirke
 14008 | Lair:5   | Killed Kirke
 14009 | Lair:5   | Reached skill level 5 in Ice Magic
 14466 | Lair:5   | Offered knowledge of Olgreb's Toxic Radiance by Vehumet.
 14473 | Lair:5   | Learned a level 4 spell: Olgreb's Toxic Radiance
 14533 | Lair:5   | Reached XP level 14. HP: 39/86 MP: 23/30
 15096 | D:11     | Reached skill level 1 in Poison Magic
 15306 | D:11     | Found Luinwiva's Antique Armour Shop.
 15314 | D:11     | Bought a brightly glowing robe for 131 gold pieces
 15314 | D:11     | Identified the +2 robe of Broken Taboos {rPois Slay+5} (You
                  | bought it in a shop on level 11 of the Dungeon)
 15456 | D:11     | Learned a level 5 spell: Iskenderun's Battlesphere
 15664 | D:12     | Found a staircase to the Orcish Mines.
 15897 | D:12     | Reached skill level 13 in Dodging
 15927 | D:12     | Found Atra's Book Emporium.
 16106 | D:12     | Found a runed translucent door.
 16109 | D:12     | Found a runed translucent door.
 16117 | D:12     | Found a runed translucent door.
 16540 | Orc:1    | Entered Level 1 of the Orcish Mines
 16670 | Orc:2    | Entered Level 2 of the Orcish Mines
 16877 | Orc:2    | Found a staircase to the Elven Halls.
 17118 | Orc:1    | Offered knowledge of Starburst by Vehumet.
 17446 | Orc:2    | Reached skill level 10 in Fighting
 17518 | Orc:2    | Reached skill level 14 in Dodging
 17688 | Orc:2    | Found Vuofid's Distillery.
 17688 | Orc:2    | Found Kixuen's Weapon Shoppe.
 17702 | Orc:2    | Found Gikh's Distillery.
 17702 | Orc:2    | Found Origgomi's Magic Scroll Boutique.
 17709 | Orc:2    | Bought a potion of berserk rage for 70 gold pieces
 17769 | Orc:2    | Reached XP level 15. HP: 92/92 MP: 30/31
 18245 | D:13     | You fall into a shaft and drop 2 floors!
 18245 | D:15     | Entered Level 15 of the Dungeon
 18612 | D:15     | Found a staircase to the Depths.
 19048 | D:15     | Found Biosuituymm's Jewellery Shop.
 19618 | D:14     | Learned a level 2 spell: Blink
 20887 | D:13     | Noticed Rupert
 20892 | D:13     | Killed Rupert
 20962 | D:13     | Found a gate to the Vaults.
 20988 | D:13     | Reached skill level 5 in Poison Magic
 21323 | D:13     | Found an iron altar of Okawaru.
 21364 | D:13     | Found a portal to a secret trove of treasure.
 21375 | D:13     | Identified the ring "Mesofyag" {Ice rPois Str+2 Dex+2}
 21489 | Orc:2    | Bought a scroll of fog for 56 gold pieces
 21660 | Spider:1 | Entered Level 1 of the Spider Nest
 21664 | Spider:1 | Offered knowledge of Iron Shot by Vehumet.
 22070 | Spider:1 | Reached skill level 15 in Dodging
 23015 | Spider:2 | Learned a level 6 spell: Iron Shot
 23632 | Spider:2 | Reached XP level 16. HP: 93/99 MP: 33/33
 23820 | Spider:2 | Gained mutation: Your body sometimes deteriorates upon
                  | taking damage. [mutagenic glow]
 23827 | Spider:2 | Gained mutation: You have hidden genetic potential.
                  | [mutagenic glow]
 25108 | Spider:3 | Reached ****** piety under Vehumet
 25278 | Spider:3 | Offered knowledge of Ozocubu's Refrigeration by Vehumet.
 25491 | Spider:3 | Noticed Nikola
 25506 | Spider:3 | Killed Nikola
 26519 | Spider:4 | Entered Level 4 of the Spider Nest
 26993 | Spider:4 | Noticed Arachne
 27001 | Spider:4 | Mangled by a spark wasp

Illustrated notes

Levels and vault maps discovered:
D:1:      spicycebolla_green_bress_n_ham, layout_basic, serial_glass,
          glass_columns_b, glass_columns_b, item_on_display_b,
          due_unseen_surprise, corner_web_ring, minmay_misc_feat_pillars,
          hangedman_decor_opposing, minmay_misc_feat_iff, minmay_small_reverse_x
D:2:      minmay_chambers_of_ones, layout_loops_corners,
          minmay_goblin_kobold_house
D:3:      layout_loops_ring, ebering_ghost_rock_garden, grunt_decor_junction,
          uniq_grinder
D:4:      layout_loops_ring, mainiacjoe_overflow_divided_tiny,
          minmay_temple_entry_gardened_gates, ebering_ghost_rock_garden,
          gup_sewer_entry_bowl
D:5:      dreamdust_elfheim, layout_loops_corners, minivault_11, uniq_edmund
D:6:      layout_gridville, mainiacjoe_overflow_surrounded_room
D:7:      hangedman_cross_stitches, layout_gridville, overflow_temple_1_default
D:8:      layout_rooms, enter_bailey_8, uniq_erica, uniq_psyche, uniq_joseph,
          uniq_maggie
D:9:      layout_rooms, grunt_lair_entry_orc_guard_hut, uniq_grum, uniq_maurice
D:10:     layout_loops_corners, nicolae_overflow_two_pavilions, serial_demonic,
          serial_demonic_b, serial_demonic_b, serial_demonic_a,
          serial_demonic_f, serial_demonic_g, serial_demonic_b,
          roderic_serpentine_path, hangedman_glass_teeth, st_stairs_9
D:11:     layout_basic, serial_shops, shop
D:12:     minmay_the_grid_triangle_9x9_rhombus_full_mashed
          [minmay_the_grid_triangle_9x9_odd_lines,
          minmay_the_grid_triangle_9x9_zippers_horizontal,
          minmay_the_grid_triangle_9x9_flanged_cone,
          minmay_the_grid_triangle_9x9_fully_insulated_deathbox,
          minmay_the_grid_triangle_9x9_pentomino_pain,
          minmay_the_grid_triangle_9x9_zippers_vertical,
          minmay_the_grid_triangle_9x9_shrine,
          minmay_the_grid_triangle_9x9_prize_top_heavy], layout_irregular_city,
          kennysheep_small_circle
D:13:     layout_basic, lightli_vaults_fourway_checkpoint, serial_rivers,
          chequers_serial_rivers_large_a, chequers_serial_rivers_micro_e,
          chequers_serial_rivers_small_3, chequers_serial_rivers_marsh,
          enter_trove_1, okawaru_altar_gauntlet_db, uniq_rupert
D:14:     layout_basic, kennysheep_boxes
D:15:     hangedman_depths_entry_civil_slaughter, layout_loops_ring,
          serial_shops, shop
Temple:   nicolae_temple_bog_church
Lair:1:   layout_chaotic_city, minmay_hedge_maze, grunt_megastairs_1
Lair:2:   layout_chaotic_city, minmay_swamp_entry_worms, basic_altar,
          gammafunk_ghost_arena, st_stairs_8
Lair:3:   layout_layer_cave, spider_nest_entry_rubble, grunt_megastairs_5
Lair:4:   layout_regular_city, slime_entry_2
Lair:5:   evilmike_catoblepas_cave, layout_regular_city, basic_altar,
          kilobyte_rumbling_trees, uniq_kirke
Spider:1: layout_spider_delve
Spider:2: layout_chambers, drop_trap
Spider:3: layout_spider_delve, uniq_nikola
Spider:4: johnstein_spider_rune_arachne_lair
Orc:1:    layout_caves
Orc:2:    st_orc_ogre_mass, layout_caves, basic_altar, nicolae_orc_lava_tube,
          mines1_david

Skill      XL: |  1  2  3  4  5  6  7  8  9 10 11 12 13 14 15 16 |
---------------+-------------------------------------------------+-----
Fighting       | 1 2 3 4 5 6 7 8 9 10 11 | 11.4
Dodging        | 3 4 5 6 8 9 10 11 12 14 15 | 15.9
Transmutations | 2 3 4 |  4.0
Spellcasting   | 4 5 7 9 10 11 12 | 12.6
Earth Magic    | 4 5 6 7 9 10 11 12 13 14 | 14.9
Conjurations   | 1 2 3 5 6 8 9 10 11 12 13 14 | 14.4
Armour         | 1 2 3 5 |  5.0
Ice Magic      | 2 3 5 6 |  6.0
Translocations | 2 5 7 8 |  8.0
Poison Magic   | 4 6 |  6.0
Stealth        | |  2.4

Action                     |  1- 3 |  4- 6 |  7- 9 | 10-12 | 13-15 | 16-18 || total
---------------------------+-------+-------+-------+-------+-------+-------++-------
  Melee: Short sword       |     1 |     8 |       |       |       |       ||     9
         Flail             |       |       |     9 |     1 |       |       ||    10
         Quarterstaff      |       |       |       |    37 |    40 |    38 ||   115
   Cast: Sandblast         |    52 |    79 |    91 |    79 |       |       ||   301
         Stone Arrow       |       |       |    57 |   272 |   588 |    97 ||  1014
         Hailstorm         |       |       |       |    24 |     9 |       ||    33
         Irradiate         |       |       |       |     8 |    20 |     7 ||    35
         Freezing Cloud    |       |       |       |     2 |    49 |    14 ||    65
         Passage of Golubr |       |       |       |       |     1 |       ||     1
         Iskenderun's Batt |       |       |       |       |    35 |     5 ||    40
         Olgreb's Toxic Ra |       |       |       |       |    12 |    28 ||    40
         Iron Shot         |       |       |       |       |       |    22 ||    22
         Blink             |       |       |       |       |       |    16 ||    16
    Use: Scroll            |       |       |    21 |    10 |     8 |    14 ||    53
         Potion            |       |       |       |     2 |       |     6 ||     8
   Stab: Sleeping          |       |     1 |       |     1 |       |       ||     2
 Armour: Robe              |     3 |     3 |       |       |       |       ||     6
         Troll leather arm |       |     3 |     9 |    46 |    55 |    41 ||   154
  Dodge: Dodged            |     7 |    26 |    75 |   200 |   190 |   140 ||   638
  Block: Other             |       |       |       |       |    25 |    40 ||    65
         Reflection        |       |       |       |       |     8 |       ||     8

Table legend: (Time is in decaauts)
 A = Elapsed time spent in this place.
 B = Non-inter-level travel time spent in this place.
 C = Inter-level travel time spent in this place.
 D = Time resting spent in this place.
 E = Time spent auto-exploring this place.
 F = Levels seen in this place.
 G = Mean time per level.
                   A        B        C        D        E       F      G
               +--------+--------+--------+--------+--------+-----+--------+
         Total |  27306 |  25793 |   1513 |   4721 |  14753 |  29 |  941.6 |
       Dungeon |  14276 |  13340 |    936 |   1877 |   8173 |  15 |  951.7 |
        Temple |     84 |     73 |     11 |      0 |     50 |   1 |   84.0 |
          Lair |   5294 |   5073 |    221 |    537 |   3416 |   5 | 1058.8 |
   Spider Nest |   5371 |   5179 |    192 |   2074 |   2164 |   4 | 1342.8 |
  Orcish Mines |   1561 |   1409 |    152 |    116 |    801 |   2 |  780.5 |
         Sewer |    270 |    270 |      0 |     45 |    106 |   1 |  270.0 |
        Bailey |    448 |    448 |      0 |     72 |     40 |   1 |  448.0 |
               +--------+--------+--------+--------+--------+-----+--------+

Top non-repeatable levels by time:
Spider:2: 1966 daAuts
Spider:3: 1855 daAuts
    D:14: 1427 daAuts
  Lair:5: 1381 daAuts
Spider:1: 1337 daAuts
     D:2: 1313 daAuts
    D:10: 1258 daAuts
  Lair:3: 1255 daAuts
    D:15: 1219 daAuts
   Orc:2: 1059 daAuts
  Lair:2: 1022 daAuts
     D:5: 1014 daAuts
     D:1: 909 daAuts
  Lair:4: 886 daAuts
    D:12: 886 daAuts
